 Dungeon Crawl Stone Soup version 0.17-a0-1804-gf6433eb (webtiles) character file.

114 luca467 the Twirler (level 4, 0/37 HPs)
             Began as a Minotaur Gladiator on Sept 11, 2015.
             Succumbed to an orc wizard's poison
             ... on level 3 of the Dungeon.
             The game lasted 00:07:38 (1940 turns).

luca467 the Twirler (Minotaur Gladiator)            Turns: 1940, Time: 00:07:38

Health: 0/37       AC:  5    Str: 19    XL:     4   Next: 66%
Magic:  3/3        EV: 12    Int:  5    God:
Gold:   106        SH:  0    Dex: 12    Spells: 0 memorised, 3 levels left

rFire  + . .     SeeInvis .     a - +0 quarterstaff
rCold  . . .     Clarity  .     q - +1 leather armour {rPois}
rNeg   . . .     SustAt   .     (no shield)
rPois  +         Gourm    .     c - +0 hat
rElec  .         Spirit   .     o - +0 cloak
rCorr  .         Warding  .     (no gloves)
rMut   .         Stasis   .     (no boots)
MR     .....                    (no amulet)
Stlth  +.........               (no ring)
                                m - ring of protection from fire

@: lethally poisoned (0 -> -13), not resistant to hostile enchantments, very
unstealthy
A: retaliatory headbutt, horns 2
a: no special abilities


You were on level 3 of the Dungeon.
You were not hungry.

You visited 1 branch of the dungeon, and saw 3 of its levels.

You collected 106 gold pieces.

Inventory:

Hand weapons
 a - a +0 quarterstaff (weapon)
Missiles
 d - 3 throwing nets (quivered)
Armour
 b - a +0 leather armour
 c - a +0 hat (worn)
 o - a +0 cloak (worn)
 q - a +1 leather armour of poison resistance (worn)
 t - a +0 ring mail
Jewellery
 m - a ring of protection from fire (left hand)
Scrolls
 f - a scroll of amnesia {unknown}
 h - a scroll of recharging {unknown}
 i - 3 scrolls of immolation {unknown}
 p - a scroll of blinking {unknown}
 v - 2 scrolls of remove curse {unknown}
 w - a scroll of enchant armour {unknown}
 x - a scroll of noise {unknown}
 y - a scroll of fog {unknown}
Potions
 g - a potion of heal wounds
 j - a potion of resistance {unknown}
 k - 2 potions of flight
 l - a potion of ambrosia {unknown}
 n - a potion of mutation {unknown}
 r - a potion of might {unknown}
 s - 4 potions of curing
Comestibles
 e - a bread ration
 u - 2 meat rations


   Skills:
 - Level 2.4 Fighting
 + Level 6.6 Staves
 - Level 2.0 Throwing
 - Level 3.2 Dodging


You had 3 spell levels left.
You didn't know any spells.

Dungeon Overview and Level Annotations

Branches:
Dungeon (3/15)

Altars:
Xom


Innate Abilities, Weirdness & Mutations

You reflexively headbutt those who attack you in melee.
You have a pair of horns on your head.


Message History

You closely miss something. You headbutt something.
You feel sick. Something hits you.
* * * LOW HITPOINT WARNING * * *
You miss something. You headbutt something.
You feel sick. Something hits you.
* * * LOW HITPOINT WARNING * * *
You miss something.
* * * LOW HITPOINT WARNING * * *
You feel sick. Something hits you.
* * * LOW HITPOINT WARNING * * *
Something hits you but does no damage.
You miss something. Your headbutt misses something. Something hits you.
* * * LOW HITPOINT WARNING * * *
You hit something. You headbutt something.
* * * LOW HITPOINT WARNING * * *
You feel sick. Something hits you but does no damage.
You are more poisoned.
Something hits you.
* * * LOW HITPOINT WARNING * * *
You barely miss something.
You die...

.# #.. #####
.####..## .#
#..##... #........
.####.....######...#
.......##..##.....##
...###........#.###
.......###..##..##
.####.## ##......#
.# #.# ####.#.# .#
#># #.#@# .# #.#
..#{# # #.# .###o#
#.# .#


ooS #.. .. ... ... .# #.... #.... ...... You could see 3 orcs and a ball python.

Vanquished Creatures
  6 adders (D:2)
  2 oozes (D:3)
  2 giant geckos (D:2)
  An orc (D:3)
  A ball python (D:2)
  6 giant cockroaches
  6 hobgoblins
  2 jackals (D:2)
  4 kobolds
  5 bats
  3 giant newts
  8 goblins
  3 rats
49 creatures vanquished.

Notes
Turn   | Place    | Note
--------------------------------------------------------------
     0 | D:1      | luca467 the Minotaur Gladiator began the quest for the Orb.
     0 | D:1      | Reached XP level 1. HP: 18/18 MP: 0/0
   133 | D:1      | Reached skill level 4 in Staves
   472 | D:1      | Reached XP level 2. HP: 25/25 MP: 1/1
  1089 | D:2      | Reached skill level 5 in Staves
  1089 | D:2      | Reached XP level 3. HP: 19/30 MP: 2/2
  1256 | D:2      | Found a shimmering altar of Xom.
  1388 | D:2      | Reached XP level 4. HP: 19/37 MP: 3/3
  1598 | D:2      | Reached skill level 6 in Staves
  1939 | D:3      | HP: 1/37 [something (2)]
  1940 | D:3      | Succumbed to an orc wizard's poison

Vault maps used:
D:1:      minmay_arrival_four_loops
D:2:      xom_teletrap_fun
D:3:      first_bread, lemuel_tele_altar

Action                   |  1- 3 |  4- 6 || total
-------------------------+-------+-------++-------
Melee: Quarterstaff      |    63 |    51 ||   114
  Use: Scroll            |     4 |       ||     4
  Eat: Chunk             |     1 |     2 ||     3
